 Dungeon Crawl Stone Soup version 0.19-a0-1365-gb34f4cb (webtiles) character file.

1386 dorian the Gusty (level 8, 0/50 (51) HPs)
             Began as a Demigod Air Elementalist on Sept 2, 2016.
             Succumbed to a worker ant's poison
             ... on level 5 of the Dungeon.
             The game lasted 00:13:50 (5176 turns).

dorian the Gusty (Demigod Air Elementalist)         Turns: 5176, Time: 00:13:51

HP:   0/50 (51)     AC:  5    Str: 15    XL:     8   Next: 17%
MP:   13/13         EV: 15    Int: 25    God:
Gold: 139           SH:  0    Dex: 16    Spells: 3 memorised, 5 levels left

rFire  + + .     SeeInvis .     e - +2 whip (flame)
rCold  . . .     Gourm    .     t - +2 leather armour {rF+}
rNeg   . . .     Faith    .     (no shield)
rPois  .         Spirit   .     (no helmet)
rElec  .         Dismiss  .     (no cloak)
rCorr  .         Reflect  .     (no gloves)
MR     .....     Harm     .     (no boots)
Stlth  ++........ Rnd*Rage +    (no amulet)
                                k - +6 ring of intelligence
                                g - ring of protection from fire

@: lethally poisoned (0 -> -4)
A: berserk 1, deterioration 1, frail 1, high mp 1, evolution 1
a: no special abilities


You were on level 5 of the Dungeon.
You were not hungry.

You visited 1 branch of the dungeon, and saw 5 of its levels.

You collected 139 gold pieces.

Inventory:

Hand Weapons
 e - a +2 whip of flaming (weapon)
 n - a +2 whip of venom
 r - a +0 falchion
Armour
 a - a +0 robe
 h - a +1 hat
 t - a +2 leather armour of fire resistance (worn)
Jewellery
 g - a ring of protection from fire (left hand)
 k - a +6 ring of intelligence (right hand)
 u - an uncursed ring of wizardry {unknown}
Wands
 o - a wand of disintegration (17/24)
 p - a wand of digging (9/24)
Scrolls
 d - 2 scrolls of remove curse {unknown}
 f - 3 scrolls of amnesia {unknown}
 i - a scroll of fear {unknown}
 j - 5 scrolls of identify {unknown}
 m - a scroll of fog {unknown}
 q - 3 scrolls of teleportation {unknown}
 s - a scroll of enchant weapon {unknown}
 w - 3 scrolls of random uselessness {unknown}
Books
 b - a book of Air

   Spells                             Type                      Level
   a - Shock                          Conjuration/Air              1
   b - Swiftness                      Charms/Air                   2
   c - Repel Missiles                 Charms/Air                   2
   d - Static Discharge               Conjuration/Air              3
   e - Lightning Bolt                 Conjuration/Air              5
Comestibles
 c - 3 bread rations
 v - a meat ration


   Skills:
 + Level 3.9 Long Blades
 + Level 5.0 Dodging
 - Level 1.7 Stealth
 - Level 1.7 Spellcasting
 - Level 0.8 Conjurations
 * Level 7.5 Air Magic


You had 5 spell levels left.
You knew the following spells:

 Your Spells              Type           Power        Failure   Level  Hunger
a - Shock                 Conj/Air       ###.         2%          1    #......
b - Swiftness             Chrm/Air       ###.....     6%          2    ##.....
c - Repel Missiles        Chrm/Air       ###...       6%          2    ##.....


Dungeon Overview and Level Annotations

Branches:
Dungeon (5/15)
 Temple: D:4-7

Annotations:
D:5 mopl's ghost, novice TrWz


Innate Abilities, Weirdness & Mutations

You have an increased reservoir of magic. (+10% MP)
You tend to lose your temper in combat.
Your body sometimes deteriorates upon taking damage.
You are frail. (-10% HP)
You evolve.


Message History

You hit the worker ant but do no damage.
The worker ant is moderately wounded.
The worker ant bites you but does no damage.
The ogre hits you with a giant club! The worker ant misses you.
You barely miss the worker ant.
The worker ant is moderately wounded.
The ogre barely misses you. The worker ant bites you.
You hit the worker ant but do no damage.
The worker ant is moderately wounded.
The worker ant bites you.
You are poisoned.
The worker ant poisons you! The ogre hits you with a giant club.
Mopl's ghost swings its fists at you.
You closely miss the worker ant.
The worker ant is moderately wounded.
You feel sick. The worker ant bites you. The ogre hits you with a giant club!
* * * LOW HITPOINT WARNING * * *
You hit the worker ant. You burn the worker ant.
The worker ant is heavily wounded.
You die...

#.# #.#
#W#####
#.....#
#####W# #.#
#.#
#.###########
#..WO@a..%...
#.###########
###


You could see an ogre, a worker ant and mopl's ghost.

Vanquished Creatures
  Pikel (D:4)
  A sky beast (D:4)
  A phantom (D:4)
  An ogre (D:4)
  A necrophage (D:5)
  A scorpion (D:4)
  2 crimson imps (D:5)
  A hound (D:5)
  7 orc wizards
  A howler monkey zombie (D:5)
  9 adders
  2 oozes
  2 worms (D:3)
  A dart slug (D:4)
  5 giant geckos
  31 orcs
  4 giant cockroaches
  7 goblins
  6 hobgoblins
  11 jackals
  5 bats
  4 giant newts
  6 kobolds
  11 rats
121 creatures vanquished.

Vanquished Creatures (others)
  3 orcs (D:4)
  2 giant cockroaches (D:4)
  A bat (D:4)
6 creatures vanquished.

Grand Total: 127 creatures vanquished

Notes
Turn   | Place    | Note
-------+----------+-------------------------------------------
     0 | D:1      | dorian the Demigod Air Elementalist began the quest for the Orb.
     0 | D:1      | Reached XP level 1. HP: 14/14 MP: 5/5
    51 | D:1      | Reached skill level 3 in Air Magic
   274 | D:1      | Reached XP level 2. HP: 18/20 MP: 0/7
   864 | D:2      | Reached XP level 3. HP: 24/26 MP: 2/8
  1737 | D:2      | Reached skill level 4 in Air Magic
  1760 | D:2      | Learned a level 2 spell: Swiftness
  1763 | D:2      | Learned a level 2 spell: Repel Missiles
  1937 | D:2      | You fall through a shaft!
  2018 | D:3      | Reached XP level 4. HP: 33/33 MP: 2/9
  2604 | D:3      | Reached XP level 5. HP: 38/38 MP: 2/10
  2739 | D:3      | Reached skill level 1 in Long Blades
  2739 | D:3      | Reached skill level 5 in Air Magic
  3356 | D:4      | Noticed a slave
  3408 | D:4      | Noticed a phantom
  3436 | D:4      | Gained mutation: You are frail. (-10% HP) [potion of mutation]
  3436 | D:4      | Gained mutation: You tend to lose your temper in combat. [potion of mutation]
  3436 | D:4      | Gained mutation: You evolve. [potion of mutation]
  3465 | D:4      | Killed a phantom
  3465 | D:4      | Reached XP level 6. HP: 10/40 MP: 5/11
  3909 | D:4      | Reached skill level 6 in Air Magic
  4056 | D:4      | Noticed Pikel
  4069 | D:4      | Killed Pikel
  4069 | D:4      | Reached skill level 7 in Air Magic
  4069 | D:4      | Reached XP level 7. HP: 23/45 MP: 4/12
  4648 | D:5      | Entered Level 5 of the Dungeon
  4761 | D:5      | Reached XP level 8. HP: 51/51 MP: 9/13
  4826 | D:5      | Reached skill level 5 in Dodging
  5027 | D:5      | Gained mutation: Your body sometimes deteriorates upon taking damage. [evolution]
  5084 | D:5      | Noticed mopl's ghost (novice TrWz)
  5175 | D:5      | HP: 1/50 [ogre/giant club (15)]
  5176 | D:5      | Succumbed to a worker ant's poison

Vault maps used:
D:1:      minmay_arrival_loop
D:2:      lemuel_upstairs_altar
D:4:      uniq_pikel
D:5:      first_bread, kennysheep_generic_room_16

Skill      XL: |  1  2  3  4  5  6  7  8 |
---------------+-------------------------+-----
Air Magic      | 3 4 5 7 |  7.5
Dodging        | 2 3 4 5 |  5.0
Long Blades    | 1 3 |  3.9
Stealth        | |  1.7
Spellcasting   | |  1.7
Conjurations   | |  0.8

Action                   |  1- 3 |  4- 6 |  7- 9 || total
-------------------------+-------+-------+-------++-------
Melee: Unarmed           |    21 |       |       ||    21
       Whip              |    15 |    98 |    66 ||   179
 Cast: Shock             |    73 |    98 |    34 ||   205
Evoke: Wand              |       |       |     2 ||     2
  Use: Potion            |       |     5 |       ||     5
 Stab: Sleeping          |     2 |     2 |       ||     4
  Eat: Bread ration      |     1 |       |       ||     1
       Chunk             |       |     4 |     3 ||     7
       Meat ration       |       |     1 |       ||     1
Armor: Robe              |     3 |    11 |       ||    14
       Leather armour    |       |     6 |    21 ||    27
Dodge: Dodged            |    28 |    69 |    41 ||   138
